 Dungeon Crawl Stone Soup version 0.26.1-11-gd32895ea62 (webtiles) character file.

Game seed: 8556172365248225770

15 MajorAdolf the Stinger (level 2, -3/25 HPs)
             Began as a Naga Wanderer on July 22, 2021.
             Slain by a goblin
             ... wielding a +1 short sword of draining
              (6 damage)
             ... on level 1 of the Dungeon.
             The game lasted 00:00:43 (652 turns).

MajorAdolf the Stinger (Naga Wanderer)               Turns: 652, Time: 00:00:44

Health: -3/25      AC:  3    Str: 13    XL:     2   Next: 50%
Magic:  3/3        EV:  8    Int:  7    God:
Gold:   55         SH:  0    Dex: 12    Spells: 2/3 levels left

rFire    . . .     SeeInvis +   a - +2 dagger
rCold    . . .     Faith    .   (no shield)
rNeg     . . .     Spirit   .   c - +0 ring mail
rPois    +         Reflect  .   (no helmet)
rElec    .         Harm     .   (no cloak)
rCorr    .         Rampage  .   (no gloves)
Will     .....                  (no barding)
Stlth    +.........             (no amulet)
HPRegen  0.08/turn              f - -4 ring of intelligence (curse)
MPRegen  0.08/turn              (no ring)

@: very slow
A: large, see invisible, deformed body, poison resistance, slowness 2, spit
poison 1, AC +0
a: Spit Poison


You were on level 1 of the Dungeon.
You visited 1 branch of the dungeon, and saw 1 of its levels.

You collected 55 gold pieces.

Inventory:

Hand Weapons
 a - a +2 dagger (weapon)
Missiles
 b - a curare-tipped dart (quivered)
Armour
 c - a +0 ring mail (worn)
Jewellery
 f - a cursed -4 ring of intelligence (left hand)


   Skills:
 - Level 1.0 Fighting
 + Level 2.1 Short Blades
 - Level 2.0 Maces & Flails
 - Level 1.0 Throwing
 - Level 1.5 Armour
 - Level 1.0 Spellcasting
 - Level 2.6 Poison Magic
 - Level 1.0 Evocations


You had 2 spell levels left.
You knew the following spells:

 Your Spells              Type           Power        Failure   Level
a - Magic Dart            Conj           0%           65%         1

Your spell library contained the following spells:

 Spells                   Type           Power        Failure   Level
 Mephitic Cloud           Conj/Pois/Air  1%           88%         3


Dungeon Overview and Level Annotations

Branches:
Dungeon (1/15)

Altars:


Innate Abilities, Weirdness & Mutations

You cannot wear boots.
Your serpentine skin is tough. (AC +0)
You have supernaturally acute eyesight. (SInv)
Armour fits poorly on your strangely shaped body.
Your system is resistant to poisons. (rPois)
You cover ground very slowly.
You can spit poison.


Message History

You barely miss the jackal.
The jackal is lightly wounded.
The jackal barely misses you.
You hit the jackal.
The jackal is almost dead.
The jackal bites you but does no damage.
You barely miss the jackal.
The jackal is almost dead.
The jackal bites you.
* * * LOW HITPOINT WARNING * * *
You barely miss the jackal.
The jackal is almost dead.
The jackal bites you.
* * * LOW HITPOINT WARNING * * *
The jackal bites you.
* * * LOW HITPOINT WARNING * * *
You closely miss the jackal.
The jackal is almost dead.
The goblin hits you with a +1 short sword of draining.
You die...

###.... ..... ##
....... ...#. ##.
.... ....
###.###..#.....
........g...# #.
#@# #.###h# #
#####...Kh#.# #
.....(.##K#.#.##.
##.....†.......
#...!..)......
#...##...#.### #
#...##...# #
#.###...##.).#


You could see 2 jackals, a goblin and 2 kobolds.

Vanquished Creatures
  A dart slug (D:1)
  2 leopard geckos (D:1)
  A goblin (D:1)
  A jackal (D:1)
  A bat (D:1)
  A frilled lizard (D:1)
  5 kobolds (D:1)
12 creatures vanquished.

Notes
Turn   | Place    | Note
-------+----------+-------------------------------------------
     0 | D:1      | MajorAdolf the Naga Wanderer began the quest for the Orb.
     0 | D:1      | MajorAdolf set off with the following items: a +2 dagger, a
                  | curare-tipped dart, a +0 ring mail; and the following spell
                  | memorised: Magic Dart; and the following spells available
                  | to memorise: Mephitic Cloud
     0 | D:1      | Reached XP level 1. HP: 18/18 MP: 2/2
   159 | D:1      | Reached skill level 1 in Short Blades
   365 | D:1      | Reached XP level 2. HP: 17/25 MP: 3/3
   652 | D:1      | Slain by a goblin

Illustrated notes

Levels and vault maps discovered:
D:1:      roderic_dead_forest, layout_basic

Skill      XL: |  1  2 |
---------------+-------+-----
Short Blades   | 1 2 |  2.1
Fighting       | |  1.0
Maces & Flails | |  2.0
Throwing       | |  1.0
Armour         | |  1.5
Spellcasting   | |  1.0
Poison Magic   | |  2.6
Evocations     | |  1.0

Action                   || total
-------------------------++-------
Melee: Dagger            ||    71
  Use: Scroll            ||     3
Armor: Ring mail         ||    45
Dodge: Dodged            ||    40
